 Dungeon Crawl Stone Soup version 0.27.1-1-g398f81649c (webtiles) character file.

Game seed: 14615714513748354568

1 MajorAdolf the Caller (level 1, -3/16 HPs)
             Began as a Naga Wanderer on Sept 12, 2021.
             Slain by a hobgoblin (5 damage)
             ... on level 1 of the Dungeon.
             The game lasted 00:00:23 (38 turns).

MajorAdolf the Caller (Naga Wanderer)                 Turns: 38, Time: 00:00:23

Health: -3/16      AC:  1    Str: 13    XL:     1   Next: 20%
Magic:  1/1        EV:  9    Int: 11    God:
Gold:   0          SH:  0    Dex: 12    Spells: 0/0 levels left

rFire    . . .     SeeInvis +   a - +0 mace
rCold    . . .     Faith    .   (no shield)
rNeg     . . .     Spirit   .   b - +0 robe
rPois    +         Reflect  .   (no helmet)
rElec    .         Harm     .   (no cloak)
rCorr    .         Rampage  .   (no gloves)
Will     .....                  (no barding)
Stlth    +.........             (no amulet)
HPRegen  0.05/turn              (no ring)
MPRegen  0.07/turn              (no ring)

@: short of breath, very slow
A: AC +0, large, see invisible, deformed body, poison resistance, slowness 2,
spit poison 1, naga tail 1
a: Spit Poison


You were on level 1 of the Dungeon.
You visited 1 branch of the dungeon, and saw 1 of its levels.

Inventory:

Hand Weapons
 a - a +0 mace (weapon)
Armour
 b - a +0 robe (worn)


   Skills:
 + Level 0.4 Fighting
 - Level 3.0 Maces & Flails
 - Level 1.5 Armour
 - Level 3.0 Summonings
 - Level 2.0 Evocations


You couldn't memorise any spells.
You didn't know any spells.
Your spell library contained the following spells:

 Spells                   Type           Power      Damage    Failure   Level
 Summon Small Mammal      Summ           24%        N/A       11%         1
 Call Imp                 Summ           6%         N/A       16%         2
 Call Canine Familiar     Summ           6%         N/A       30%         3
 Sting                    Tmut/Pois      0%         1d3       34%         1
 Summon Guardian Golem    Hex/Summ       3%         N/A       50%         3
 Spider Form              Tmut/Pois      0%         N/A       71%         3
 Summon Lightning Spire   Summ/Air       3%         N/A       88%         4


Dungeon Overview and Level Annotations

Branches:
Dungeon (1/15)

Altars:


Innate Abilities, Weirdness & Mutations

Your serpentine skin is tough. (AC +0)
You have supernaturally acute eyesight. (SInv)
Armour fits poorly on your strangely shaped body.
Your system is resistant to poisons. (rPois)
You cover ground very slowly.
You can spit poison.
You have a snake-like lower body.


Message History

Okay, then.
You don't know any spells.
Okay, then.
You open the door.
There is an open door here.
You open the door.
There is an open door here. 2 hobgoblins come into view.
The hobgoblin shouts!
You hear a shout!
The hobgoblin moves out of view.
A hobgoblin is nearby!
A hobgoblin is nearby!
Press: ? - help, Shift-Dir - straight line, f - you
Okay, then.
Found a puce potion.
The hobgoblin hits you. x2
Press: ? - help, Shift-Dir - straight line, f - hobgoblin
Aim: a hobgoblin The splash of poison hits the hobgoblin.
The hobgoblin is poisoned.
The hobgoblin is heavily wounded.
The hobgoblin barely misses you.
Unknown command.
A hobgoblin comes into view.
You have got your breath back.
You kill the hobgoblin!
The hobgoblin hits you.
Press: ? - help, Shift-Dir - straight line, f - hobgoblin
Aim: a hobgoblin You fail to use your ability.
The hobgoblin barely misses you.
Unknown command.
You barely miss the hobgoblin. The hobgoblin completely misses you.
Press: ? - help, Shift-Dir - straight line, f/p - hobgoblin
Aim: a hobgoblin The splash of poison misses the hobgoblin.
The splash of poison hits the hobgoblin.
The hobgoblin is moderately wounded.
The hobgoblin hits you.
* * * LOW HITPOINT WARNING * * *
You closely miss the hobgoblin. The hobgoblin hits you.
You die...

#.#..#.#.#
#.+.<'.#.#
#.#..#.#.#
#.####+#.#
#......+.#
######'#.#
.# #.#.##.##
. #...#...
..
###@#..##.!.
####g#.....
#...g#...#
#+##.#...#
##†...#
##...#
#.#..#
#g.... #.. #


You could see 2 hobgoblins.

Vanquished Creatures
  A hobgoblin (D:1)
1 creature vanquished.

Notes
Turn   | Place    | Note
-------+----------+-------------------------------------------
     0 | D:1      | MajorAdolf the Naga Wanderer began the quest for the Orb.
     0 | D:1      | MajorAdolf set off with the following items: a +0 mace, a
                  | +0 robe; and the following spells available to memorise:
                  | Summon Small Mammal, Call Imp, Call Canine Familiar, Sting,
                  | Summon Guardian Golem, Spider Form, Summon Lightning Spire
     0 | D:1      | Reached XP level 1. HP: 15/15 MP: 1/1
    38 | D:1      | Slain by a hobgoblin

Illustrated notes

Levels and vault maps discovered:
D:1:      ncdulo_smallfort, layout_basic, serial_corexii_hall,
          corexii_hall_statues_u, chequers_hall_statues_wall_a,
          minmay_statues_item, st_stairs_6, dk_noncrumbling_3,
          serial_park_tiny_2, minmay_heptomino_o4

Action                   || total
-------------------------++-------
Melee: Mace              ||     2
 Abil: Spit Poison       ||     2
Dodge: Dodged            ||     3
